Unix NetHack Version 5.0.0-0 post-release - last build May  4 2026 22:22:43 (774f63e81ad911689b3a0859ea89b322d5daca8d,branch:main).

Game began 2026-05-07 14:25:51, ended 2026-05-07 15:10:00.

DaveT, lawful male human Priest

    -------------|--           ---------
    |............`..           |.......|
    |..............|##         |.......|#
    |...............###########-.......-#
    |..............| #         ----.--.-
    ------|---------               #
          #                        #
          #                        #
          ###                      #[
 -----------|----              -----.--
 |..............|              |.......######
 |.........)....|              |...>..|     ####@@###
 |.........<....|              |......|         ###%
 |..............|              |......|
 ----------------              --------

DaveT the Adept              St:25 Dx:11 Co:18 In:10 Wi:18 Ch:10  Lawful
Dlvl:7  $:76 HP:0(86) Pw:15(108) AC:1  Xp:8 T:5361  Hungry   Burdened

Latest messages:
 Merpish hits again!
 You miss merpish.
 Merpish hits!
 Merpish hits again!
 You miss merpish.
 You miss merpish.
 Merpish hits!
 Merpish misses!
 You miss merpish.
 Merpish hits!
 Merpish misses!
 What do you want to read? [*] ?
 What do you want to read? [*] <space>
 Never mind.
 What do you want to drink? [qrABDGPV or ?*] r
 You feel much better.
 You miss merpish.
 Merpish hits!
 Merpish hits again!
 You miss merpish.
 Merpish hits!
 Merpish hits again!
 You miss merpish.
 You miss merpish.
 Merpish hits!
 Merpish hits again!
 You miss merpish.
 Merpish hits!
 Merpish hits again!
 What do you want to write with? [- dnyHX or ?*] -
 You write in the dust with your fingertip.
 What do you want to write in the dust here? Elbereth
 The Green-elf wields a runed broadsword!
 Merpish turns to flee.
 Are you waiting to get hit?  Use 'm' prefix to force a no-op (to rest).
 Double m prefix, canceled.
 You are beginning to feel hungry.
 In what direction? .
 You feel better.
 The Green-elf swings his runed broadsword.
 The Green-elf hits!
 You miss the Green-elf.
 The Green-elf swings his runed broadsword.
 The Green-elf hits!
 You hit the Green-elf!
 The Green-elf swings his runed broadsword.
 The Green-elf hits!
 You die...
 Do you want your possessions identified? [ynq] (y) y
 Do you want to see your attributes? [ynq] (y) q

Inventory:
 Coins    ('$')
  $ - 76 gold pieces
 Weapons  (')')
  y - 9 +0 shuriken
  X - 11 +0 daggers (wielded)
 Armor    ('[')
  W - a blessed +0 orcish helm (being worn)
  T - a +0 pair of gauntlets of power (being worn)
  w - a +0 pair of speed boots (being worn)
  c - a +0 small shield (being worn)
  E - a +0 mummy wrapping
  b - a +0 robe (being worn)
  u - a +0 Hawaiian shirt with a hibiscus flower motif (being worn)
  s - a +0 studded leather armor (being worn)
 Comestibles  ('%')
  e - a clove of garlic
  L - 2 food rations
  f - 2 sprigs of wolfsbane
  h - a lizard corpse
 Potions  ('!')
  B - a cursed potion of full healing
  P - a potion of invisibility
  V - a potion of levitation
  G - a potion of object detection
  D - a cursed potion of restore ability
  A - a potion of speed
  q - 2 potions of water
 Rings    ('=')
  H - a cursed -1 ring of increase accuracy
 Wands    ('/')
  d - a wand of probing (0:2)
  n - a wand of slow monster (0:4)
 Tools    ('(')
  I - a sack containing 14 items
  i - a blindfold
  o - a credit card
  Z - an oil lamp
  j - a +0 pick-axe

Contents of the sack:
  2181 gold pieces
  2 scrolls of blank paper
  3 scrolls of enchant weapon
  2 scrolls of identify
  a scroll of magic mapping
  a scroll of punishment
  a scroll of remove curse
  a spellbook of healing
  a spellbook of identify
  2 potions of holy water
  a tallow candle
  a partly used tallow candle
  a partly used wax candle
  a worthless piece of black glass

DaveT the Priest's attributes:

Background:
 You were an Adept, a level 8 human Priest.
 You were lawful, on a mission for Anu
 who was opposed by Ishtar (neutral) and Anshar (chaotic).
 You were right-handed.
 You were in the Dungeons of Doom, on level 7.
 You entered the dungeon 5361 turns ago.
 You had 1474 experience points, 1086 more were needed to attain level 9.

Basics:
 You had 0 out of 86 hit points.
 You had 15 out of 108 energy points (spell power).
 Your armor class was 1.
 Your wallet contained 76 zorkmids, and
 you had 2181 more stashed away in your pack.
 Autopickup was off.

Final Characteristics:
 Your strength was 25 (base:10, peak:11, innate limit:18/100).
 Your dexterity was 11 (limit:18).
 Your constitution was 18 (limit:18).
 Your intelligence was 10 (limit:18).
 Your wisdom was 18 (limit:18).
 Your charisma was 10 (limit:18).

Final Status:
 You were hungry.
 You were burdened; movement was slightly slowed.
 You were wielding daggers.
 You had no skill with dagger.

Final Attributes:
 You were piously aligned.
 You were guarded.
 Your spell casting was enhanced by wearing a robe.
 You were very fast.
 You are dead.

Miscellaneous:
 You encountered 1 bones level.
 Total elapsed playing time was 44 minutes and 9 seconds.

Major events:
 Turn
    1: DaveT the lawful human Priest entered the dungeon
  752: attained the rank of Acolyte (level 3)
 1280: entered the Gnomish Mines
 1683: attained the rank of Adept (level 6)
 1984: reached Mine Town
 5336: found Mjollnir carried by a monster
 5336: found Ogresmasher carried by a monster
 5361: killed by a Green-elf

Spells:
 Name                 Level Category     Fail Retention
 healing                1   healing        0%   51%-75%
 identify               3   divination     1%   71%-80%

Skills:
 Fighting Skills
   bare handed combat [Unskilled]
 Weapon Skills
   club               [Unskilled]
   mace               [Expert]
   morning star       [Unskilled]
   flail              [Unskilled]
   hammer             [Unskilled]
   quarterstaff       [Unskilled]
   polearms           [Unskilled]
   spear              [Unskilled]
   trident            [Unskilled]
   lance              [Unskilled]
   bow                [Unskilled]
   sling              [Unskilled]
   crossbow           [Unskilled]
   dart               [Unskilled]
   shuriken           [Unskilled]
   boomerang          [Unskilled]
   unicorn horn       [Unskilled]
 Spellcasting Skills
   healing spells     [Unskilled]
   divination spells  [Basic]
   clerical spells    [Basic]

Voluntary challenges:
 Character rerolling was not enabled.
 You never genocided any monsters.
 You never polymorphed an object.
 You never changed form.
 You used no wishes.
Achievements:
 You entered a shop.
 You attained the rank of Acolyte.
 You entered the Gnomish Mines.
 You attained the rank of Adept.
 You entered Minetown.
 You entered a temple.

 The Dungeons of Doom: levels 1 to 8
    Level 1: "vault emptied"
       A fountain.
    Level 2:
       An armor shop, a fountain, a grave.
    Level 3:
       A general store, an altar to Anu, a fountain.
    Level 4:
       A scroll shop.
       Stairs down to The Gnomish Mines.
    Level 5:
       An armor shop, a fountain, a sink.
    Level 6:
    Level 7: <- You were here.
       Final resting place for
          you, killed by a Green-elf,
          merpish-Val-Hum-Fem-Law, killed by a human mummy, while frozen by a potion.
    Level 8:
 The Gnomish Mines: levels 5 to 8
    Level 5:
    Level 6:
    Level 7:
       Many shops, a temple and an altar, some fountains.
    Level 8:


Vanquished creatures:
  a large mimic
  2 small mimics
  a large dog
  a human mummy
  a crocodile
  a wolf
  a leprechaun
  a horse
 an orc mummy
  a lizard
  a dingo
  a jaguar
  a dust vortex
  a snake
  2 mountain nymphs
  4 Mordor orcs
 an orc shaman
  2 rock moles
  a yellow light
  8 gnome leaders
  2 gnomish wizards
  a floating eye
  2 kittens
  6 dwarves
  a homunculus
  2 kobold shamans
 11 hill orcs
  3 rothes
  2 iguanas
  2 manes
  a hobgoblin
  7 cave spiders
  a red mold
 26 gnomes
  3 geckos
  2 jackals
  a goblin
  3 sewer rats
  4 grid bugs
  a bat
  7 lichens
  2 kobold zombies
  7 newts
130 creatures vanquished.

No species were genocided or became extinct.

Game over:
                       ----------
                      /          \
                     /    REST    \
                    /      IN      \
                   /     PEACE      \
                  /                  \
                  |      DaveT       |
                  |     2257 Au      |
                  |   killed by a    |
                  |    Green-elf     |
                  |                  |
                  |                  |
                  |       2026       |
                 *|     *  *  *      | *
        _________)/\\_//(\/(/\)/\//\/|_)_______

Goodbye DaveT the Priest...

You died in The Dungeons of Doom on dungeon level 7 with 8308 points,
and 2257 pieces of gold, after 5361 moves.
You were level 8 with a maximum of 86 hit points when you died.

